 Dungeon Crawl Stone Soup version 0.29-a0-275-g389c0b56f3 (webtiles) character file.

Game seed: 10911020071529161995

7408 Murumi the Fighter (level 11, -4/123 HPs)
             Began as an Ogre Gladiator on Mar 11, 2022.
             Was an Initiate of Gozag.
             Hit by a javelin thrown by Urug (27 damage)
             ... on level 10 of the Dungeon.
             The game lasted 00:48:26 (10565 turns).

Murumi the Fighter (Ogre Gladiator)                Turns: 10565, Time: 00:48:27

Health: -4/123     AC:  4    Str: 26    XL:     11   Next: 14%
Magic:  11/11      EV: 15    Int:  9    God:    Gozag
Gold:   2131       SH:  0    Dex: 10    Spells: 10/10 levels left

rFire   . . .      SeeInvis +   C - +1 whip (elec)
rCold   . . .      Faith    .   (no shield)
rNeg    . . .      Spirit   .   b - +0 robe
rPois   +          Reflect  .   K - +0 hat of Jigsaw {rPois rCorr Int-4 SInv}
rElec   .          Harm     .   s - +0 cloak
rCorr   +          Rampage  .   (gloves unavailable)
Will    +....                   (boots unavailable)
Stlth   ++........              n - amulet of regeneration
HPRegen 1.10/turn               w - +6 ring of strength
MPRegen 0.12/turn               h - +4 ring of evasion

@: no status effects
A: large, unfitting armour, tough skin 1
a: Renounce Religion, Potion Petition, Call Merchant, Bribe Branch


You were on level 10 of the Dungeon.
You worshipped Gozag.
Gozag was most pleased with you.
You visited 1 branch of the dungeon, and saw 10 of its levels.
You also visited: Bailey.

You collected 2131 gold pieces.

Inventory:

Hand Weapons
 o - a +0 morningstar
 C - a +1 whip of electrocution (weapon)
Missiles
 e - 2 boomerangs
 f - 230 stones
 g - a large rock
 v - 2 poisoned darts (quivered)
Armour
 a - a +2 hat
 b - a +0 robe (worn)
 s - a +0 cloak (worn)
 K - the +0 hat of Jigsaw (worn) {rPois rCorr Int-4 SInv}
   (You found it in a bailey)

   Int:       It affects your intelligence (-4).
   rPois:     It protects you from poison.
   SInv:      It lets you see invisible.
   rCorr:     It protects you from acid and corrosion.
Jewellery
 h - a +4 ring of evasion (right hand)
 n - an amulet of regeneration (around neck)
 w - a +6 ring of strength (left hand)
 y - the ring of Inenafa {rC+ rCorr Stlth+}
   (You found it on level 6 of the Dungeon)

   [ring of protection from cold]

   rC:        It protects you from cold.
   rCorr:     It protects you from acid and corrosion.
   Stlth:     It makes you more stealthy.
 E - a ring of positive energy
Wands
 d - a wand of flame (29)
 r - a wand of iceblast (7)
 z - a wand of digging (5)
 B - a wand of charming (9)
 I - a wand of acid (3)
Scrolls
 i - 3 scrolls of blinking
 p - 3 scrolls of magic mapping
 D - a scroll of silence
 G - a scroll of teleportation
 H - a scroll of summoning
Potions
 c - a potion of berserk rage
 j - a potion of might
 k - a potion of invisibility
 m - 5 potions of attraction
 q - 3 potions of brilliance
 t - 3 potions of curing
 u - a potion of ambrosia
 x - a potion of haste
 A - 2 potions of heal wounds
 F - 2 potions of lignification
 J - a potion of cancellation


   Skills:
 + Level 12.1 Fighting
 - Level 7.0 Maces & Flails
 - Level 8.0 Throwing
 - Level 3.0 Armour
 - Level 7.0 Dodging
 - Level 3.0 Stealth
 - Level 3.0 Evocations


You had 10 spell levels left.
You didn't know any spells.
Your spell library contained the following spells:

 Spells                   Type           Power      Damage    Failure   Level
 Foxfire                  Conj/Fire      0%         2x1d4     38%         1
 Conjure Flame            Conj/Fire      0%         6-21      77%         3
 Gell's Gravitas          Tloc           0%         N/A       77%         3
 Ignite Poison            Fire/Tmut/Pois 0%         N/A       77%         3
 Inner Flame              Hex/Fire       0%         N/A       77%         3
 Teleport Other           Tloc           0%         N/A       77%         3
 Cause Fear               Hex            0%         N/A       99%         4
 Flame Wave               Conj/Fire      0%         2d4       99%         4
 Sticky Flame             Conj/Fire      0%         2d3       99%         4
 Dispersal                Tloc           0%         N/A       100%        6
 Malign Gateway           Summ/Tloc      0%         N/A       100%        7
 Discord                  Hex            0%         N/A       100%        8
 Summon Horrible Things   Summ           0%         N/A       100%        8


Dungeon Overview and Level Annotations

Branches:
Dungeon (10/15)            Temple (0/1) D:5            Lair (0/6) D:10
 Bailey (visited)
    Orc: D:9-12

Altars:
Ashenzari
Cheibriados
Dithmenos
Fedhas
Gozag
Kikubaaqudgha
Okawaru
Qazlal
Ru
Uskayaw
Wu Jian
Zin
The Shining One

Annotations:
D:10 Urug


Innate Abilities, Weirdness & Mutations

You are too large for most types of armour.
You have tough skin. (AC +1)


Message History

Urug is lightly wounded.
Urug misses you.
You hit Urug but do no damage.
Urug is lightly wounded.
Urug hits you with a +2 vampiric demon trident!!
You whack Urug!
Urug is moderately wounded.
Urug barely misses you.
You hit Urug.
Urug is moderately wounded.
You barely miss Urug.
Urug is moderately wounded.
Urug closely misses you.
You whack Urug!
Urug is heavily wounded.
Urug hits you with a +2 vampiric demon trident!
You hit Urug.
Urug is severely wounded.
Urug hits you with a +2 vampiric demon trident!!
Urug draws strength from your wounds!
You hit Urug but do no damage.
Urug is heavily wounded.
You hit Urug. Lightning courses through Urug!
Urug is almost dead.
Urug hits you with a +2 vampiric demon trident!
Urug draws strength from your wounds!
You hit Urug but do no damage.
Urug is severely wounded.
Urug closely misses you.
Urug hits you from afar with a +2 vampiric demon trident!!
* * * LOW HITPOINT WARNING * * *
Urug draws strength from your wounds!
Urug throws a javelin.
The javelin closely misses you.
Throw: 3 darts (poison)
Press: ? - help, Q - select action, (/) - cycle Shift-Dir - straight line, f/p - Urug
Aim: Urug, wielding a +2 vampiric demon trident, wearing a +0 scale mail and quivering javelins (heavily wounded, very poisoned, 61% to hit)
You throw a poisoned dart. The poisoned dart closely misses Urug.
Urug throws a javelin.
The javelin pierces through you!!
You die...
Your body crumbles into a pile of gold.

*,* #....#
*.#######....#
*............#
*#...........#
#.########..# #,*
#..# #.########..#
#...........#
*........@..#
**###.......#
#.......# #.o.....#
#.(###..# #.......#
#.......#
*###########.(.....#
,............(.....#


You could see Urug (poisoned).

Vanquished Creatures
  Pikel (D:9)
  An orc knight (Bailey)
  A deep elf pyromancer (Bailey)
  A gargoyle (D:7)
  A troll (D:9)
  Grinder (D:5)
  A vampire (D:9)
  16 yaks
  A steam dragon (D:6)
  An acid dragon (D:8)
  2 water moccasins
  Duvessa (D:7)
  2 ice beasts
  3 orc warriors
  A sky beast (D:6)
  A black bear (D:7)
  An ogre (D:4)
  3 centaurs
  A lemure (D:9)
  A kobold brigand (D:8)
  A necrophage (D:6)
  A gnoll sergeant (D:9)
  A bullfrog (D:8)
  4 scorpions
  Dowan (D:7)
  A howler monkey (D:6)
  5 orc priests
  A hound (D:5)
  A gnoll shaman (D:6)
  5 orc wizards
  3 iguanas
  18 gnolls
  8 adders
  A shadow imp (D:7)
  A white imp (D:6)
  An ufetubus (D:4)
  4 worms
  3 dart slugs
  51 orcs
  10 endoplasms
  4 giant cockroaches
  8 goblins
  6 hobgoblins
  4 jackals
  5 quokkas
  4 ball pythons
  6 bats
  4 frilled lizards
  13 kobolds
  5 rats
221 creatures vanquished.

Vanquished Creatures (others)
  An orc wizard (D:5)
  An orc (D:7)
2 creatures vanquished.

Grand Total: 223 creatures vanquished

Notes
Turn   | Place    | Note
-------+----------+-------------------------------------------
     0 | D:1      | Murumi the Ogre Gladiator began the quest for the Orb.
     0 | D:1      | Reached XP level 1. HP: 22/22 MP: 1/1
    24 | D:1      | Reached skill level 3 in Fighting
   165 | D:1      | Reached XP level 2. HP: 31/31 MP: 2/2
   344 | D:1      | Found a faded altar of an unknown god.
   363 | D:1      | Prayed at the altar of an unknown god.
   363 | D:1      | Became a worshipper of Gozag Ym Sagoz the Greedy
  1036 | D:1      | Reached XP level 3. HP: 39/39 MP: 3/3
  1094 | D:1      | Reached skill level 4 in Fighting
  1708 | D:2      | Reached skill level 1 in Armour
  2065 | D:2      | Reached skill level 1 in Stealth
  2065 | D:2      | Reached XP level 4. HP: 29/48 MP: 4/4
  2827 | D:3      | Reached skill level 5 in Fighting
  3079 | D:3      | Reached skill level 1 in Evocations
  3079 | D:3      | Reached XP level 5. HP: 57/57 MP: 5/5
  3365 | D:3      | Found a shadowy altar of Dithmenos.
  3605 | D:4      | Found an ornate altar of the Wu Jian Council.
  3698 | D:4      | Found a glowing golden altar of the Shining One.
  3758 | D:4      | Noticed an ogre
  3873 | D:4      | Noticed an ogre
  3884 | D:4      | Killed an ogre
  3885 | D:4      | Reached skill level 6 in Fighting
  3885 | D:4      | Reached XP level 6. HP: 67/67 MP: 6/6
  3921 | D:4      | Found a blossoming altar of Fedhas.
  4213 | D:4      | Found a snail-covered altar of Cheibriados.
  4309 | D:5      | Entered Level 5 of the Dungeon
  4391 | D:5      | Reached skill level 7 in Fighting
  4447 | D:5      | Noticed Grinder
  4447 | D:5      | Paralysed by Grinder for 2 turns
  4467 | D:5      | Paralysed by Grinder for 3 turns
  4478 | D:5      | Reached XP level 7. HP: 78/78 MP: 7/7
  4512 | D:5      | Killed Grinder
  4513 | D:5      | Reached skill level 8 in Fighting
  4697 | D:5      | Found a staircase to the Ecumenical Temple.
  4764 | D:5      | Found a glowing silver altar of Zin.
  5421 | D:6      | Identified the ring of Inenafa {rC+ rCorr Stlth+}
  5537 | D:5      | Reached XP level 8. HP: 26/88 MP: 8/8
  5638 | D:6      | Reached skill level 5 in Throwing
  5711 | D:6      | Reached skill level 9 in Fighting
  5990 | D:6      | Noticed a yak
  5990 | D:6      | Noticed a yak
  6000 | D:6      | Noticed a yak
  6001 | D:6      | Noticed a yak
  6007 | D:6      | Killed a yak
  6017 | D:6      | Killed a yak
  6018 | D:6      | Reached skill level 5 in Maces & Flails
  6018 | D:6      | Reached XP level 9. HP: 48/98 MP: 9/9
  6029 | D:6      | Reached skill level 5 in Dodging
  6126 | D:6      | Found a hide-covered altar of Uskayaw.
  6437 | D:6      | Reached skill level 10 in Fighting
  6852 | D:7      | Noticed a gargoyle
  6909 | D:7      | Killed a gargoyle
  7467 | D:7      | Reached skill level 11 in Fighting
  7529 | D:7      | Noticed Duvessa
  7532 | D:7      | Noticed Dowan
  7538 | D:7      | Killed Duvessa
  7550 | D:7      | Killed Dowan
  7577 | D:7      | Found an ancient bone altar of Kikubaaqudgha.
  7612 | D:7      | Reached XP level 10. HP: 113/113 MP: 10/10
  7702 | D:7      | Found a sacrificial altar of Ru.
  8181 | D:8      | Found an iron altar of Okawaru.
  8720 | D:8      | Identified the +4 hand axe "Lienneg" {holy, Fragile Will++
                  | rCorr SInv Stlth+}
  9008 | D:9      | Noticed Pikel
  9038 | D:9      | Killed Pikel
  9219 | D:9      | Reached skill level 12 in Fighting
  9281 | D:9      | Found a broken altar of Ashenzari.
  9975 | D:10     | Entered Level 10 of the Dungeon
 10014 | D:10     | Noticed Urug
 10085 | D:10     | Found a flagged portal.
 10094 | Bailey   | Entered a bailey
 10138 | Bailey   | Reached XP level 11. HP: 87/123 MP: 11/11
 10169 | Bailey   | Noticed an orc knight
 10186 | Bailey   | Killed an orc knight
 10258 | Bailey   | Found a large runed translucent door.
 10258 | Bailey   | Found a large runed translucent door.
 10259 | Bailey   | Noticed a deep elf pyromancer
 10406 | Bailey   | Killed a deep elf pyromancer
 10428 | Bailey   | Identified the +0 hat of Jigsaw {rPois rCorr Int-4 SInv}
 10440 | Bailey   | Identified the +5 plate armour of Raosch {rC+ Int+2}
 10491 | D:10     | Found a stormy altar of Qazlal.
 10565 | D:10     | Hit by a javelin thrown by Urug

Illustrated notes

Levels and vault maps discovered:
D:1:      dpeg_arrival_court, layout_basic, ebering_ecumenical_altar_sacrificial
D:2:      minmay_general_purpose_star, layout_loops_ring,
          mrwooster_statue_mirror, minmay_misc_feat_doors
D:3:      layout_basic, nicolae_dithmenos_through_a_glass_darkly
D:4:      layout_cave_pools, kennysheep_slug_shrine,
          mainiacjoe_overflow_large_starburst, lemuel_crystal_altar,
          fountainhead
D:5:      layout_basic, minmay_temple_entry_water_ring, kennysheep_flooded_box,
          uniq_grinder
D:6:      layout_basic, old_standard_altar
D:7:      layout_basic, nicolae_ru_path_of_blood, old_standard_altar,
          uniq_duvessa
D:8:      layout_loops_cross, kennysheep_little_box, corexii_hall_statues_l,
          kennysheep_minor_cross
D:9:      layout_basic, overflow_temple_1_default, uniq_pikel
D:10:     layout_stronghold, nicolae_qazlal_scattered_showers,
          mainiacjoe_overflow_alcove_4, david_lair_shrubbed, serial_shops, shop,
          enter_bailey_2, minmay_stone_trees_small, uniq_erica, uniq_urug

Skill      XL: |  1  2  3  4  5  6  7  8  9 10 11 |
---------------+----------------------------------+-----
Fighting       | 3 4 5 6 7 8 9 11 12 | 12.1
Maces & Flails | 3 4 5 7 |  7.0
Dodging        | 3 4 5 7 |  7.0
Armour         | 1 2 3 |  3.0
Stealth        | 1 2 3 |  3.0
Evocations     | 1 2 3 |  3.0
Throwing       | 3 4 5 7 8 |  8.0

Action                   |  1- 3 |  4- 6 |  7- 9 | 10-12 || total
-------------------------+-------+-------+-------+-------++-------
Melee: Flail             |    20 |       |       |       ||    20
       Punch             |     3 |     3 |     6 |     3 ||    15
       Whip              |    61 |   181 |   346 |   237 ||   825
Throw: Stone             |    43 |    79 |    99 |    86 ||   307
       Large rock        |       |     2 |     2 |     1 ||     5
       Throwing net      |       |     1 |     4 |       ||     5
       Dart              |       |       |    11 |    15 ||    26
       Boomerang         |       |       |     4 |       ||     4
  Use: Scroll            |     4 |     3 |     5 |     5 ||    17
       Potion            |     1 |     1 |     3 |     2 ||     7
 Stab: Sleeping          |     2 |     5 |     2 |       ||     9
       Held in net/web   |       |     1 |     1 |       ||     2
       Invisible         |       |       |     5 |     2 ||     7
       Distracted        |       |       |     2 |     1 ||     3
Armor: Robe              |    15 |    44 |    44 |    33 ||   136
Dodge: Dodged            |    18 |    98 |   180 |   115 ||   411

Table legend: (Time is in decaauts)
 A = Elapsed time spent in this place.
 B = Non-inter-level travel time spent in this place.
 C = Inter-level travel time spent in this place.
 D = Time resting spent in this place.
 E = Time spent auto-exploring this place.
 F = Levels seen in this place.
 G = Mean time per level.
                   A        B        C        D        E       F      G
               +--------+--------+--------+--------+--------+-----+--------+
         Total |  10428 |   9461 |    967 |     53 |   7424 |  11 |  948.0 |
       Dungeon |  10061 |   9094 |    967 |     51 |   7188 |  10 | 1006.1 |
        Bailey |    367 |    367 |      0 |      2 |    236 |   1 |  367.0 |
               +--------+--------+--------+--------+--------+-----+--------+

Top non-repeatable levels by time:
     D:1: 1859 daAuts
     D:6: 1238 daAuts
     D:5: 1187 daAuts
     D:9: 1143 daAuts
     D:7: 1141 daAuts
     D:2: 1002 daAuts
     D:8: 845 daAuts
     D:3: 827 daAuts
     D:4: 687 daAuts
  Bailey: 367 daAuts
    D:10: 128 daAuts
